[Event "Titled Tuesday Blitz March 21 Late 2023"]
[White "Plat, Vojtech"]
[Black "Zhang, Derek"]
[WhiteFideId "325740"]
[BlackFideId "2087871"]
[WhiteElo "2542"]
[BlackElo "2087"]
[Result "1-0"]
[Round "03"]
[TimeControl "180+2"]
[Date "2023.03.21"]
[WhiteClock "0:00:46"]
[BlackClock "0:00:04"]

1. e4 e6 2. d4 d5 3. Nd2 Nf6 4. e5 Nfd7 5. Bd3 c5 6. c3 Nc6 7. Ne2 cxd4 8. cxd4 f6 9. Nf4 Nxd4 10. Qh5+ Ke7 11. Ng6+ hxg6 12. exf6+ Nxf6 13. Qxh8 Kf7 14. Qh4 e5 15. Nf3 Nxf3+ 16. gxf3 Bf5 17. Bxf5 gxf5 18. O-O Bc5 19. Bg5 Qd6 20. Rac1 Bb6 21. Rfd1 Rd8 22. Kg2 d4 23. Qg3 Re8 24. Re1 Qd5 25. Qh4 Qd7 26. Kh1 Qd5 27. Kg2 Qd7 28. Rc2 Ba5 29. b4 Bb6 30. Rce2 Qd5 31. Bxf6 gxf6 32. Qh5+ Ke7 33. Qxf5 Rg8+ 34. Kh1 Rg5 35. Rxe5+ fxe5 36. Qxg5+ Kd6 37. Qf6+ Kc7 38. Rxe5 Qxa2 39. Re7+ Kc8 40. Qf5+ Kb8 41. Qf8+ Bd8 42. Qxd8# 1-0


[Site "https://www.chess.com"]

[Event "Titled Tuesday Blitz March 21 Late 2023"]
[White "Zakhartsov, Vladimir"]
[Black "Luo, Terry"]
[WhiteFideId "4145097"]
[BlackFideId "30931045"]
[WhiteElo "2521"]
[BlackElo "2265"]
[Result "1-0"]
[Round "03"]
[TimeControl "180+2"]
[Date "2023.03.21"]
[WhiteClock "0:01:21"]
[BlackClock "0:00:59"]

1. e4 e5 2. Nf3 Nc6 3. Nc3 Nf6 4. a3 d5 5. Bb5 d4 6. Ne2 Bd6 7. d3 O-O 8. Bxc6 bxc6 9. O-O c5 10. Nd2 Be6 11. b3 Nd7 12. Ng3 g6 13. Nc4 Kg7 14. Nxd6 cxd6 15. f4 exf4 16. Bxf4 Ne5 17. Qd2 Ng4 18. h3 Ne3 19. Bxe3 dxe3 20. Qxe3 a5 21. a4 Qh4 22. Rf4 Qe7 23. Raf1 f6 24. R4f2 h5 25. Ne2 Bg8 26. Qd2 Qe5 27. Nf4 h4 28. Rf3 Ra7 29. Qf2 Bf7 30. Ne2 Be6 31. Qxh4 g5 32. Qf2 d5 33. Ng3 dxe4 34. Nxe4 1-0


[Site "https://www.chess.com"]

[Event "Titled Tuesday Blitz March 21 Late 2023"]
[White "Remolar Gallen, Jose"]
[Black "Van Foreest, Lucas"]
[WhiteFideId "2215187"]
[BlackFideId "1039792"]
[WhiteElo "2223"]
[BlackElo "2519"]
[Result "0-1"]
[Round "03"]
[TimeControl "180+2"]
[Date "2023.03.21"]
[WhiteClock "0:00:55"]
[BlackClock "0:02:35"]

1. d4 g5 2. Bxg5 Bg7 3. Nf3 c5 4. Nc3 Qb6 5. dxc5 Qxb2 6. Na4 Qxa1 7. Qxa1 Bxa1 8. c3 d6 9. cxd6 Bd7 10. Nc5 Bxc3+ 11. Kd1 b6 12. Ne4 Bb4 13. dxe7 Nc6 14. e3 Bxe7 15. Bf4 Nf6 0-1


[Site "https://www.chess.com"]

[Event "Titled Tuesday Blitz March 21 Late 2023"]
[White "Ashraf, Artin"]
[Black "victormago"]
[WhiteFideId "22514805"]
[WhiteElo "2188"]
[BlackElo "2385"]
[Result "1-0"]
[Round "03"]
[TimeControl "180+2"]
[Date "2023.03.21"]
[WhiteClock "0:00:44"]
[BlackClock "0:00:25"]

1. e3 Nf6 2. d4 g6 3. c4 Bg7 4. Nf3 c5 5. d5 O-O 6. Nc3 d6 7. h3 e6 8. Bd3 exd5 9. cxd5 a6 10. a4 Nbd7 11. O-O Re8 12. e4 Ne5 13. Nxe5 Rxe5 14. Bf4 Re8 15. Re1 Nd7 16. Qd2 Ne5 17. Bf1 f5 18. Bh6 Bd7 19. Bxg7 Kxg7 20. f4 Nf7 21. Re3 fxe4 22. Nxe4 Bf5 23. Qc3+ Kf8 24. Rae1 Bxe4 25. Rxe4 Rxe4 26. Rxe4 Qd7 27. Be2 Re8 28. Bg4 Qd8 29. Be6 b5 30. axb5 axb5 31. b4 c4 32. f5 gxf5 33. Rf4 Ne5 34. Rxf5+ Ke7 35. Qe3 h6 36. Qa7+ 1-0


[Site "https://www.chess.com"]

[Event "Titled Tuesday Blitz March 21 Late 2023"]
[White "Svane, Rasmus"]
[Black "Ronka, Erik"]
[WhiteFideId "4657101"]
[BlackFideId "505080"]
[WhiteElo "2597"]
[BlackElo "2264"]
[Result "1-0"]
[Round "03"]
[TimeControl "180+2"]
[Date "2023.03.21"]
[WhiteClock "0:01:17"]
[BlackClock "0:00:06"]

1. Nf3 d5 2. g3 Nf6 3. Bg2 e6 4. O-O c5 5. c4 dxc4 6. Na3 Be7 7. Nxc4 Nc6 8. b3 O-O 9. Bb2 Qc7 10. Rc1 b5 11. Nce5 Bb7 12. Qc2 Rac8 13. Nxc6 Bxc6 14. Ng5 g6 15. Bxf6 Bxf6 16. Bxc6 Qxc6 17. Ne4 Be7 18. d3 f5 19. Nd2 Qd7 20. a4 a6 21. axb5 axb5 22. Ra1 Ra8 23. Nf3 Qd6 24. Qd2 Qc7 25. Qe3 Qd6 26. h4 Bf6 27. Rxa8 Rxa8 28. Rc1 Bd4 29. Nxd4 cxd4 30. Qh6 Qf8 31. Qf4 Qb4 32. Qe5 Re8 33. Rc7 Re7 34. Rc8+ Kf7 35. Qh8 Qe1+ 36. Kg2 e5 37. Qg8+ Kf6 38. Rf8+ 1-0


[Site "https://www.chess.com"]

[Event "Titled Tuesday Blitz March 21 Late 2023"]
[White "Klekowski, Maciej"]
[Black "Matlakov, Maxim"]
[WhiteFideId "1132717"]
[BlackFideId "4168003"]
[WhiteElo "2540"]
[BlackElo "2666"]
[Result "1-0"]
[Round "03"]
[TimeControl "180+2"]
[Date "2023.03.21"]
[WhiteClock "0:00:12"]
[BlackClock "0:00:13"]

1. c4 e5 2. Nc3 Nc6 3. g3 h5 4. Nf3 h4 5. Nxh4 Rxh4 6. gxh4 Qxh4 7. Nd5 Nf6 8. Nxf6+ Qxf6 9. e3 b6 10. Bg2 Bb7 11. Qf3 Qg6 12. Qg3 Qd3 13. b3 O-O-O 14. Bf1 Qc2 15. Be2 Nb4 16. O-O Bd6 17. f3 Rh8 18. Qxg7 Rd8 19. Rf2 Nd3 20. Bxd3 Qxd3 21. Bb2 f6 22. Raf1 a5 23. Rg2 Rf8 24. Qg6 f5 25. Qh7 Bc6 26. Rg8 Qxd2 27. Rxf8+ Bxf8 28. Qh8 Kb7 29. Qxf8 Qxe3+ 30. Rf2 f4 31. Qf5 d6 32. Qc2 Bxf3 33. Qd2 Qe4 34. Qd5+ Qxd5 35. cxd5 Bxd5 36. h4 Bf7 37. Rg2 Kc6 38. Rg7 Be8 39. Rg8 Bf7 40. Rg7 Be8 41. Rg5 Kd5 42. h5 Bb5 43. h6 Bd3 44. Rg7 c5 45. h7 Bxh7 46. Rxh7 b5 47. Kf2 c4 48. bxc4+ bxc4 49. Rh6 a4 50. a3 Kc5 51. Bc3 d5 52. Bxe5 d4 53. Bxf4 c3 54. Ke2 Kc4 55. Rc6+ Kb3 56. Kd3 Kxa3 57. Kxd4 Ka2 58. Rxc3 Kb2 59. Rc4 a3 60. Be5 a2 61. Kd3+ Kb3 62. Rc1 Ka3 63. Ra1 Kb3 64. Bc3 Ka4 65. Kc4 Ka3 66. Bd4 1-0


[Site "https://www.chess.com"]

[Event "Titled Tuesday Blitz March 21 Late 2023"]
[White "Kamsky, Gata"]
[Black "Hamitevici, Vladimir"]
[WhiteFideId "2000024"]
[BlackFideId "13902393"]
[WhiteElo "2666"]
[BlackElo "2401"]
[Result "1/2-1/2"]
[Round "03"]
[TimeControl "180+2"]
[Date "2023.03.21"]
[WhiteClock "0:00:05"]
[BlackClock "0:00:12"]

1. e4 c5 2. Nf3 d6 3. d4 cxd4 4. Nxd4 Nf6 5. Nc3 a6 6. a4 e5 7. Nf3 Nc6 8. Bc4 Be7 9. O-O Be6 10. Bb3 O-O 11. Bg5 Na5 12. Bxf6 Bxf6 13. Ba2 Nc4 14. Rb1 b5 15. axb5 axb5 16. Bb3 Qa5 17. Nd5 Bd8 18. Qd3 f5 19. Rfd1 Kh8 20. h3 fxe4 21. Qxe4 Bf5 22. Qe2 Qa7 23. Nd2 Bh4 24. Nf3 Bd8 25. Ra1 Qxa1 26. Rxa1 Rxa1+ 27. Kh2 Rb1 28. Nd2 Nxd2 29. Qxd2 Bg6 30. Qb4 Rf1 31. f3 Bg5 32. Qxd6 Ra8 33. Qxe5 h6 34. Nf4 Bxf4+ 35. Qxf4 Re8 36. c4 bxc4 37. Bxc4 Rf2 38. b3 Rb2 39. Qd4 Ra2 40. h4 Raa8 41. Kg3 Rad8 42. Qb6 Bh7 43. Qc7 Bg8 44. Bxg8 Kxg8 45. b4 Rc8 46. Qd6 Rb8 47. Qd5+ Kh8 48. b5 Rb6 49. Kh3 Reb8 50. Qe4 Rxb5 51. Qg6 R5b6 52. Qe4 Rb1 53. Qg6 Rh1+ 54. Kg3 Rhb1 55. Kh3 R1b6 56. Qe4 Rf6 57. Qd3 Rbf8 58. Kg3 R6f7 59. Qe3 Rf6 1/2-1/2


[Site "https://www.chess.com"]

[Event "Titled Tuesday Blitz March 21 Late 2023"]
[White "Maghsoodloo, Parham"]
[Black "Korchmar, Vasiliy"]
[WhiteFideId "12539929"]
[BlackFideId "24131750"]
[WhiteElo "2647"]
[BlackElo "2370"]
[Result "1-0"]
[Round "03"]
[TimeControl "180+2"]
[Date "2023.03.21"]
[WhiteClock "0:00:13"]
[BlackClock "0:00:02"]

1. e4 c5 2. Nf3 d6 3. d4 cxd4 4. Nxd4 Nf6 5. Nc3 Nc6 6. Bg5 Bd7 7. Qd2 a6 8. O-O-O e6 9. Kb1 Be7 10. f3 Nxd4 11. Qxd4 Qc7 12. h4 b5 13. g4 O-O 14. Be3 b4 15. Ne2 Rfc8 16. Qd2 Ba4 17. Rc1 a5 18. h5 Nd7 19. g5 Ne5 20. Nd4 Be8 21. g6 a4 22. h6 Nxg6 23. hxg7 a3 24. b3 Bf6 25. Qxb4 Bxg7 26. Bd3 Rcb8 27. Qd2 Ra4 28. c3 Ra5 29. Qh2 h5 30. f4 Rc5 31. Qd2 Kf8 32. Ne2 Ra5 33. Bd4 Bb5 34. Bxg7+ Kxg7 35. c4 Bc6 36. Rcg1 Kf8 37. Qc3 Qb6 38. Bc2 Ke7 39. Nd4 Ba8 40. f5 Ne5 41. fxe6 Rc5 42. exf7 Rxc4 43. Nf5+ Kd7 44. f8=Q Rxf8 45. Rg7+ 1-0


[Site "https://www.chess.com"]

[Event "Titled Tuesday Blitz March 21 Late 2023"]
[White "Martynov, Pavel"]
[Black "Ibarra Jerez, Jose Carlos"]
[WhiteFideId "4101260"]
[BlackFideId "2226332"]
[WhiteElo "2314"]
[BlackElo "2638"]
[Result "0-1"]
[Round "03"]
[TimeControl "180+2"]
[Date "2023.03.21"]
[WhiteClock "0:00:01"]
[BlackClock "0:00:03"]

1. e4 d5 2. exd5 Qxd5 3. Nc3 Qd8 4. Nf3 Nf6 5. d4 a6 6. a4 c5 7. Bc4 cxd4 8. Qxd4 Qxd4 9. Nxd4 e6 10. O-O Bd7 11. Be3 Nc6 12. Rfd1 Ng4 13. Nxc6 Nxe3 14. fxe3 Bxc6 15. Ne2 Rc8 16. b3 Bc5 17. Kf2 Ke7 18. Nd4 Be4 19. c3 Rhd8 20. Be2 e5 21. Nf3 f6 22. b4 Ba7 23. c4 a5 24. bxa5 Bc5 25. Rxd8 Rxd8 26. Rd1 Ra8 27. Bd3 Bc6 28. Nd2 Rd8 29. Bc2 Bb4 30. Nb3 Rc8 31. Bxh7 Bxa4 32. Ra1 Bxb3 33. Rb1 Rxc4 34. Rxb3 e4 35. Bf5 Kd6 36. g4 g5 37. Kg3 Kc5 38. Kg2 Rc2+ 39. Kg1 Ra2 40. Bxe4 Bxa5 41. Bxb7 Bb6 42. Be4 Ba7 43. Bf5 Kc4 44. Rb7 Bxe3+ 45. Kh1 Kd4 46. Rd7+ Ke5 47. Rd1 Kf4 48. Rf1+ Bf2 49. Rd1 Kf3 50. Rd3+ Be3 51. Rd1 Rf2 52. Bd3 Ra2 53. Rf1+ Bf2 54. Bf5 Rb2 55. Rd1 Ke2 56. Rb1 Rd2 57. Rc1 Ke3 58. Rc3+ Kd4 0-1


[Site "https://www.chess.com"]

[Event "Titled Tuesday Blitz March 21 Late 2023"]
[White "Vetoshko, Volodymyr"]
[Black "Chigaev, Maksim"]
[WhiteFideId "14122480"]
[BlackFideId "4108116"]
[WhiteElo "2422"]
[BlackElo "2547"]
[Result "1-0"]
[Round "03"]
[TimeControl "180+2"]
[Date "2023.03.21"]
[WhiteClock "0:00:17"]
[BlackClock "0:00:01"]

1. e4 c5 2. Nf3 Nc6 3. d4 cxd4 4. Nxd4 Nf6 5. Nc3 e5 6. Ndb5 d6 7. Bg5 a6 8. Na3 b5 9. Nd5 Be7 10. Bxf6 Bxf6 11. c3 Rb8 12. Nc2 Bg5 13. g3 O-O 14. Bg2 g6 15. O-O Ne7 16. Ncb4 Bb7 17. Qd3 Nxd5 18. Nxd5 Bxd5 19. Qxd5 Qb6 20. Rad1 Be7 21. h4 a5 22. h5 Kg7 23. Bf3 b4 24. c4 Rbc8 25. b3 Qc5 26. Qd2 h6 27. Kg2 Rcd8 28. Qc2 Qb6 29. Rd5 Rc8 30. Qd2 Rc5 31. Rd3 Rd8 32. Bg4 a4 33. hxg6 fxg6 34. Rh1 Bg5 35. f4 exf4 36. gxf4 Be7 37. Be6 d5 38. Bxd5 axb3 39. axb3 Qf6 40. Rdh3 h5 41. Rg3 Ra5 42. Rxh5 1-0


[Site "https://www.chess.com"]

[Event "Titled Tuesday Blitz March 21 Late 2023"]
[White "Popov, Mikhail"]
[Black "Zhigalko, Sergei"]
[WhiteFideId "4146182"]
[BlackFideId "13502956"]
[WhiteElo "2270"]
[BlackElo "2626"]
[Result "0-1"]
[Round "03"]
[TimeControl "180+2"]
[Date "2023.03.21"]
[WhiteClock "0:00:01"]
[BlackClock "0:00:03"]

1. d4 Nf6 2. Nf3 e6 3. Bg5 h6 4. Bxf6 Qxf6 5. e4 d6 6. Nc3 Nd7 7. Qd2 g6 8. Bd3 h5 9. O-O Bh6 10. Qe2 O-O 11. e5 Qe7 12. Rfe1 d5 13. Nb5 Nb6 14. a4 a6 15. a5 axb5 16. axb6 Rxa1 17. Rxa1 c6 18. Qe1 Bd7 19. Ra7 Rb8 20. Qa5 Qd8 21. h3 Kg7 22. Ne1 Bc1 23. b3 Qg5 24. Nf3 Qd8 25. Ne1 Qg5 26. Nf3 Qd8 27. Bf1 g5 28. Ne1 g4 29. hxg4 hxg4 30. Nd3 Qg5 31. g3 Bd2 32. Qa3 Qd8 33. Nc5 Be8 34. Nxb7 Qxb6 35. Nd6 Qd8 36. b4 Bg5 37. Qd3 Be7 38. Nb7 Qc7 39. Qe2 Rxb7 40. Qxg4+ Kf8 41. Qh5 Bg5 42. Qh8+ Ke7 43. Ra8 Rb8 0-1


[Site "https://www.chess.com"]

[Event "Titled Tuesday Blitz March 21 Late 2023"]
[White "Baskakov, Egor"]
[Black "Ozer, Omer Faruk"]
[WhiteFideId "24197866"]
[BlackFideId "6354564"]
[WhiteElo "2212"]
[BlackElo "2260"]
[Result "0-1"]
[Round "03"]
[TimeControl "180+2"]
[Date "2023.03.21"]
[WhiteClock "0:01:13"]
[BlackClock "0:00:09"]

1. e4 c5 2. Nf3 Nc6 3. Nc3 e6 4. Be2 Nf6 5. O-O Qc7 6. d4 cxd4 7. Nxd4 a6 8. a4 d6 9. Nb3 Be7 10. Be3 b6 11. f4 Bb7 12. Bf3 O-O 13. Qd2 Rad8 14. Qf2 Nd7 15. Rad1 Nc5 16. Nxc5 bxc5 17. f5 Bf6 18. Bg4 Qe7 19. Rfe1 Nd4 20. Bf4 Be5 21. Bxe5 dxe5 22. Nb1 Qg5 23. Bh3 exf5 24. Bxf5 g6 25. c3 gxf5 26. cxd4 Rxd4 27. Rxd4 cxd4 28. exf5 Rc8 29. h4 Qg4 30. Nd2 Rc2 31. Rxe5 Bxg2 32. Qxg2 Qxg2+ 33. Kxg2 Rxd2+ 34. Kf3 Rxb2 35. Ra5 Rb6 36. Ke4 Rd6 37. Ke5 Rd8 38. Rc5 d3 39. Rc1 d2 40. Rd1 Kg7 41. h5 Kh6 42. Kf6 Rd7 43. Ke5 Kxh5 44. Kf4 Kh6 45. Ke5 Kg5 46. Rg1+ Kh4 47. Rd1 Kg3 48. Ke4 Kf2 49. Ke5 Ke2 50. Rh1 d1=Q 51. Rxd1 Kxd1 52. Kf6 Kc2 53. a5 Kb3 54. Kg7 Kb4 55. f6 Kxa5 56. Kxh7 Kb5 57. Kg7 Kc6 58. Kf8 a5 59. Ke8 a4 0-1


[Site "https://www.chess.com"]

[Event "Titled Tuesday Blitz March 21 Late 2023"]
[White "Mihajlov, Sebastian"]
[Black "Rustemov, Alexander"]
[WhiteFideId "1512110"]
[BlackFideId "4119002"]
[WhiteElo "2464"]
[BlackElo "2862"]
[Result "0-1"]
[Round "03"]
[TimeControl "180+2"]
[Date "2023.03.21"]
[WhiteClock "0:00:02"]
[BlackClock "0:00:06"]

1. d4 g6 2. e4 Bg7 3. Nc3 d6 4. Be3 a6 5. h4 h6 6. Qd2 b5 7. f3 Nd7 8. Nh3 e6 9. Nf2 Ne7 10. h5 g5 11. g3 c5 12. dxc5 dxc5 13. f4 Nc6 14. O-O-O gxf4 15. gxf4 Qc7 16. e5 Bf8 17. Rg1 Bb7 18. Nce4 O-O-O 19. Nd6+ Bxd6 20. exd6 Qa5 21. Qxa5 Nxa5 22. Rg7 f5 23. Be2 Rdg8 24. Rdg1 Rxg7 25. Rxg7 Nc4 26. Bxc4 bxc4 27. Kd2 Bf3 28. Kc3 Bxh5 29. Kxc4 Be2+ 30. Kc3 h5 31. Kd2 Bg4 32. c4 Bf3 33. Nd3 h4 34. Nxc5 Bc6 35. Nxe6 h3 36. Bg1 h2 37. Bxh2 Rxh2+ 38. Kc3 a5 39. Nd4 Kb7 40. Nxf5 Rf2 41. Rg4 Rf3+ 42. Kd4 Rf2 43. Kc3 Kb6 44. Nd4 Nc5 45. b3 Bd7 46. Rg7 Rxf4 47. Nc2 Rf3+ 48. Kb2 Rf2 49. Kc3 Kc6 50. Nd4+ Kxd6 51. Rg6+ Kc7 52. Nb5+ Kb7 53. Nd6+ Kb8 54. Kd4 Ne6+ 55. Kd5 Rd2+ 56. Ke5 Kc7 57. Ne4 Re2 58. Rg4 Nc5 59. Kd5 Bxg4 60. Nxc5 Bf3+ 61. Kd4 Rd2+ 62. Kc3 Rh2 63. Nd3 Bc6 64. a3 Kb6 65. Kd4 Rh4+ 66. Kc3 Rh3 67. Kd4 Be8 68. b4 axb4 69. axb4 Bg6 70. Ne5 Rh4+ 71. Kc3 Be8 72. Nd3 Kc7 73. b5 Kb6 74. Nb2 Bf7 75. Kb4 Be6 76. Na4+ Kc7 77. Nb2 Kd6 78. b6 Kc6 79. Na4 Rxc4+ 80. Ka5 Rh4 81. b7 Rh5+ 82. Ka6 Kc7 0-1


[Site "https://www.chess.com"]

[Event "Titled Tuesday Blitz March 21 Late 2023"]
[White "Melikyan, Gnel"]
[Black "Ozen, Bahadir"]
[WhiteFideId "54109990"]
[BlackFideId "6337058"]
[WhiteElo "2138"]
[BlackElo "2503"]
[Result "1/2-1/2"]
[Round "03"]
[TimeControl "180+2"]
[Date "2023.03.21"]
[WhiteClock "0:02:50"]
[BlackClock "0:02:18"]

1. e4 e5 2. Nf3 Nc6 3. d4 exd4 4. Nxd4 Nf6 5. Nxc6 bxc6 6. e5 Qe7 7. Qe2 Nd5 8. c4 Ba6 9. b3 g6 10. g3 Bg7 11. Bb2 O-O 12. Bg2 Rae8 13. O-O Bxe5 14. Qxe5 Qxe5 15. Bxe5 Rxe5 16. cxd5 Bxf1 17. Kxf1 cxd5 18. f4 Re3 19. Bxd5 Rd3 20. Bf3 Re8 21. Kf2 c6 22. Be2 Rde3 23. Bd1 Rd3 24. Be2 Rde3 25. Bd1 Rd3 26. Be2 1/2-1/2


[Site "https://www.chess.com"]

[Event "Titled Tuesday Blitz March 21 Late 2023"]
[White "Timofeev, Artyom"]
[Black "Di Berardino, Diego Rafael"]
[WhiteFideId "4140419"]
[BlackFideId "2105446"]
[WhiteElo "2586"]
[BlackElo "2432"]
[Result "1-0"]
[Round "03"]
[TimeControl "180+2"]
[Date "2023.03.21"]
[WhiteClock "0:00:16"]
[BlackClock "0:00:02"]

1. e4 c5 2. Nf3 b6 3. d4 cxd4 4. Nxd4 Bb7 5. Nc3 Nf6 6. Bd3 Nc6 7. Nxc6 Bxc6 8. O-O e6 9. Qe2 Be7 10. Bf4 O-O 11. Rfd1 Qc8 12. a4 a6 13. e5 Nd5 14. Nxd5 Bxd5 15. c4 Bc6 16. Qh5 g6 17. Qg4 Bc5 18. h4 f5 19. Qg3 a5 20. h5 Qe8 21. Bh6 Qf7 22. Bxf8 Rxf8 23. Be2 f4 24. Qg4 Qg7 25. hxg6 hxg6 26. Bf3 Bxf3 27. Qxf3 g5 28. Qg4 Rf5 29. Rd2 Rxe5 30. Rad1 d6 31. Re2 Rxe2 32. Qxe2 Kf7 33. b3 g4 34. Kf1 Qg5 35. Qe4 Kf6 36. Ke2 e5 37. Rh1 f3+ 38. gxf3 g3 39. fxg3 Qxg3 40. Qh4+ Qxh4 41. Rxh4 Kf5 42. Kd3 Kg5 43. Rh8 Kf4 44. Rf8+ Kg3 45. Rf7 Kf2 46. f4 exf4 47. Rxf4+ Ke1 48. Rf6 Bb4 49. Rf5 Bc5 50. Rf7 Bb4 51. Ke4 Kd2 52. Kd5 Bc5 53. Rf3 Kc2 54. Kc6 Kb2 55. Kb5 Ka3 56. b4+ Kb2 57. bxc5 1-0


[Site "https://www.chess.com"]

[Event "Titled Tuesday Blitz March 21 Late 2023"]
[White "Averjanov, Alexey"]
[Black "Filgueira, Hernan"]
[WhiteFideId "14109867"]
[BlackFideId "101770"]
[WhiteElo "2811"]
[BlackElo "2363"]
[Result "1/2-1/2"]
[Round "03"]
[TimeControl "180+2"]
[Date "2023.03.21"]
[WhiteClock "0:00:06"]
[BlackClock "0:00:03"]

1. d4 d5 2. c4 e6 3. Nf3 c6 4. e3 Nf6 5. Nbd2 Nbd7 6. Bd3 c5 7. O-O Be7 8. b3 b6 9. Bb2 Bb7 10. Qe2 a6 11. Rac1 O-O 12. Rfd1 Re8 13. e4 dxe4 14. Nxe4 Nxe4 15. Bxe4 Bxe4 16. Qxe4 Bf6 17. Ne5 Bxe5 18. dxe5 Qc7 19. Rd6 Nf8 20. Rcd1 b5 21. g3 Rec8 22. h4 bxc4 23. Qxc4 a5 24. h5 h6 25. Bc1 a4 26. Qg4 Kh8 27. bxa4 c4 28. Qf3 Rxa4 29. a3 c3 30. Qd3 Raa8 31. Bf4 Rxa3 32. Rc1 Ra4 33. Qb5 Rc4 34. Rc2 Rb8 35. Qa6 Rb2 36. Rc1 c2 37. Kh2 Rb1 38. Qa3 Rxc1 39. Bxc1 Kg8 40. Qa8 Qc8 41. Rd8 Qxa8 42. Rxa8 Rb4 43. Ba3 f6 44. exf6 gxf6 45. Rc8 Ra4 46. Bxf8 c1=Q 47. Rxc1 Kxf8 48. Rc7 Ra5 49. g4 f5 50. f3 fxg4 51. fxg4 Ra2+ 52. Kg3 Ra3+ 53. Kf4 Ra4+ 54. Kg3 Ra3+ 55. Kh4 Kg8 56. Re7 Re3 57. Rd7 e5 58. Rd6 Kg7 59. Rd7+ Kg8 60. g5 Re4+ 61. Kg3 hxg5 62. Rd6 Kh7 63. Rg6 Re3+ 64. Kf2 Re4 65. Rxg5 Kh6 66. Rf5 Rf4+ 67. Rxf4 exf4 68. Kf3 Kxh5 69. Kxf4 1/2-1/2


[Site "https://www.chess.com"]

[Event "Titled Tuesday Blitz March 21 Late 2023"]
[White "Al Hosani, Omran"]
[Black "Vakhlamov, Igor L."]
[WhiteFideId "9308733"]
[BlackFideId "24126748"]
[WhiteElo "2177"]
[BlackElo "2400"]
[Result "1/2-1/2"]
[Round "03"]
[TimeControl "180+2"]
[Date "2023.03.21"]
[WhiteClock "0:00:22"]
[BlackClock "0:00:15"]

1. d4 d5 2. c4 e6 3. Nc3 c5 4. e3 Nf6 5. Nf3 Nc6 6. cxd5 exd5 7. Bd3 Bd6 8. h3 O-O 9. O-O Re8 10. Re1 h6 11. dxc5 Bxc5 12. b3 d4 13. Na4 Bb4 14. Bd2 dxe3 15. Rxe3 Rxe3 16. Bxe3 Be6 17. Nc5 Bxc5 18. Bxc5 Qd5 19. Be3 Rd8 20. Be2 Qa5 21. Qe1 Qa3 22. Qc1 Qa5 23. Qc5 Qxc5 24. Bxc5 Ne4 25. Be3 Nc3 26. Bf1 a6 27. Kh2 Rd7 28. Bxa6 bxa6 29. Rc1 Nxa2 30. Rxc6 Nb4 31. Rb6 a5 32. Rb5 Rd5 33. Rxd5 Bxd5 34. Nd4 Kf8 35. Bf4 Nc6 36. Nxc6 Bxc6 37. Bc7 a4 38. bxa4 Bxa4 39. Bb6 f5 40. Kg3 Kf7 41. f4 g5 42. h4 g4 43. Kf2 Bc6 44. g3 Ke6 45. Bd4 Kd5 46. Bg7 h5 47. Bh6 Ke4 48. Bg5 Bd5 49. Bh6 Bc4 50. Bg5 Bd5 51. Bh6 Bc4 52. Bg5 Bd5 1/2-1/2


[Site "https://www.chess.com"]

[Event "Titled Tuesday Blitz March 21 Late 2023"]
[White "Bartel, Mateusz"]
[Black "Drori, Saar"]
[WhiteFideId "1112635"]
[BlackFideId "2812444"]
[WhiteElo "2521"]
[BlackElo "2322"]
[Result "1-0"]
[Round "03"]
[TimeControl "180+2"]
[Date "2023.03.21"]
[WhiteClock "0:00:03"]
[BlackClock "0:00:03"]

1. d4 Nf6 2. Bg5 c5 3. d5 Ne4 4. Bc1 g6 5. f3 Nd6 6. e4 Bg7 7. c3 O-O 8. Bd3 f5 9. exf5 Nxf5 10. Ne2 e6 11. dxe6 dxe6 12. O-O Nc6 13. Na3 a6 14. Be4 Qc7 15. Bf4 e5 16. Bg5 h6 17. Bd2 Be6 18. Qc2 Rad8 19. Rad1 Qf7 20. b3 g5 21. Bc1 Nd6 22. Bg6 Qf6 23. Ng3 e4 24. Bxe4 Qxc3 25. Bxc6 bxc6 26. Qe2 Bd5 27. Qxa6 c4 28. Ne2 Qe5 29. Rfe1 cxb3 30. axb3 Bxb3 31. Ng3 Qc5+ 32. Be3 Qb4 33. Rb1 Ra8 34. Qxc6 Rxa3 35. Bc5 Bd4+ 36. Bxd4 Qxd4+ 37. Kh1 Rc8 38. Qd7 Bf7 39. Rbd1 Rd3 40. Nf5 Nxf5 41. Qxc8+ Kg7 42. Rxd3 Qxd3 43. Qc1 Bd5 44. Qa1+ Kg6 45. Rd1 Qc4 46. Qe5 Be6 47. Re1 Kf7 48. Qh8 Qc3 49. Qxc3 1-0


[Site "https://www.chess.com"]

[Event "Titled Tuesday Blitz March 21 Late 2023"]
[White "Danielyan, Vahe"]
[Black "Sanal, Vahap"]
[WhiteFideId "13304828"]
[BlackFideId "6300545"]
[WhiteElo "2423"]
[BlackElo "2606"]
[Result "0-1"]
[Round "03"]
[TimeControl "180+2"]
[Date "2023.03.21"]
[WhiteClock "0:01:30"]
[BlackClock "0:02:20"]

1. d4 d5 2. c4 c6 3. Nf3 Nf6 4. e3 Bf5 5. Nbd2 e6 6. Be2 Nbd7 7. O-O Bd6 8. b3 O-O 9. Bb2 h6 10. Re1 Qe7 11. a3 Ne4 12. Nxe4 Bxe4 13. b4 a5 14. c5 Bc7 15. b5 e5 16. dxe5 Bxf3 17. gxf3 Bxe5 18. Bxe5 Qxe5 19. Qd4 Qe7 20. Rac1 Rfe8 21. Bd3 Ne5 22. Be2 cxb5 23. Qxd5 Rad8 24. Qe4 Qg5+ 25. Kh1 Nd3 26. Bxd3 Rxe4 27. Bxe4 Rd2 28. Red1 Rxf2 29. f4 Qh4 30. Bg2 g5 31. fxg5 hxg5 32. c6 bxc6 33. Rxc6 Rxg2 34. Rc8+ Kg7 35. Kxg2 Qg4+ 0-1


[Site "https://www.chess.com"]

[Event "Titled Tuesday Blitz March 21 Late 2023"]
[White "Pakleza, Zbigniew"]
[Black "Domingo Nunez, Alejandro"]
[WhiteFideId "1119290"]
[BlackFideId "22245561"]
[WhiteElo "2410"]
[BlackElo "2230"]
[Result "1-0"]
[Round "03"]
[TimeControl "180+2"]
[Date "2023.03.21"]
[WhiteClock "0:00:08"]
[BlackClock "0:00:01"]

1. d4 g6 2. Nf3 Bg7 3. Bf4 Nf6 4. e3 b6 5. h3 Bb7 6. Be2 O-O 7. O-O d6 8. Nbd2 Nbd7 9. c3 Ne4 10. Bh2 e5 11. a4 a5 12. Nxe4 Bxe4 13. Nd2 Bb7 14. Bf3 Qc8 15. Qb3 Bxf3 16. Nxf3 Qb7 17. Rfd1 Rae8 18. Qb5 Re7 19. b4 Qa8 20. Rab1 Rb8 21. Bg3 h6 22. Qc4 e4 23. Nd2 Nf6 24. Qb5 axb4 25. cxb4 Nd5 26. Rdc1 Rc8 27. a5 c6 28. Qe2 bxa5 29. bxa5 Qxa5 30. Nc4 Qa6 31. Ra1 Qb5 32. Ra5 Qb3 33. Nxd6 Rd8 34. Rac5 Nb4 35. Qc4 Qb2 36. Qc3 Qxc3 37. R1xc3 Nd3 38. Rxc6 1-0


[Site "https://www.chess.com"]

[Event "Titled Tuesday Blitz March 21 Late 2023"]
[White "Wagner, Dennis"]
[Black "ritanovikova"]
[WhiteFideId "24650684"]
[WhiteElo "2470"]
[BlackElo "2207"]
[Result "1-0"]
[Round "03"]
[TimeControl "180+2"]
[Date "2023.03.21"]
[WhiteClock "0:01:07"]
[BlackClock "0:00:19"]

1. d4 Nf6 2. c4 e6 3. Nf3 d5 4. cxd5 exd5 5. Nc3 c6 6. Bf4 Bd6 7. Bxd6 Qxd6 8. e3 O-O 9. Qb3 b6 10. Rc1 Ba6 11. Bxa6 Nxa6 12. O-O Nc7 13. Rfd1 Ne6 14. h3 h6 15. Rc2 Ng5 16. Ne2 Nxf3+ 17. gxf3 Qe6 18. Kg2 Nh7 19. Nf4 Qd6 20. Rdc1 Rfc8 21. Nxd5 Qg6+ 22. Kf1 Qd6 23. Rxc6 Rxc6 24. Rxc6 Qh2 25. Ne7+ Kh8 26. Qxf7 Qxh3+ 27. Ke2 Nf8 28. Qg8# 1-0


[Site "https://www.chess.com"]

[Event "Titled Tuesday Blitz March 21 Late 2023"]
[White "Duda, Jan-Krzysztof"]
[Black "Kozlov, Gennady"]
[WhiteFideId "1170546"]
[BlackFideId "4191668"]
[WhiteElo "2790"]
[BlackElo "2356"]
[Result "1-0"]
[Round "03"]
[TimeControl "180+2"]
[Date "2023.03.21"]
[WhiteClock "0:00:47"]
[BlackClock "0:01:35"]

1. e4 e6 2. d4 d5 3. e5 c5 4. c3 Nc6 5. Nf3 Bd7 6. Be2 Qb6 7. O-O f6 8. b3 Nge7 9. Na3 fxe5 10. dxc5 Qxc5 11. Nb5 O-O-O 12. Be3 d4 13. cxd4 exd4 14. Bxd4 Nxd4 15. Rc1 Nxe2+ 16. Qxe2 Qxc1 17. Rxc1+ Nc6 18. Nxa7+ Kb8 19. Nb5 Bb4 20. Ne5 Ba5 21. Nf7 Rhf8 22. Nxd8 Rxd8 23. h3 Bb6 24. Rd1 Ne7 25. Qe5+ Ka8 26. Nc7+ Ka7 27. Nxe6 Nc6 28. Qxg7 Bxe6 29. Rxd8 Nxd8 30. Qxh7 Nc6 31. h4 Nd4 32. Qe4 Bf5 33. Qe5 Bg4 34. h5 Ne2+ 35. Kf1 Nc1 36. f3 Nd3 37. Qd5 Nf4 38. Qe4 Nxg2 39. fxg4 Ne3+ 40. Ke2 1-0


[Site "https://www.chess.com"]